 Dungeon Crawl Stone Soup version bcrawl-1.12-8-g964540c432 (webtiles) character file.

Game seed: 11814690424953813287

395 Hercules1031 the Skirmisher (level 6, -13/53 HPs)
             Began as a Hill Orc Fighter on June 8, 2019.
             Was a Follower of Beogh.
             Killed from afar by an orc wizard (23 damage)
             ... with an exploding inner flame
             ... hexed by the player character
             ... on level 4 of the Dungeon.
             The game lasted 00:08:42 (2388 turns).

Hercules1031 the Skirmisher (Hill Orc Fighter)      Turns: 2388, Time: 00:08:42

Health: -13/53     AC: 12    Str: 26    XL:     6   Next: 82%
Magic:  0/7        EV:  6    Int:  8    God:    Beogh [*.....]
Gold:   259        SH: 11    Dex: 10    Spells: 5/5 levels left

rFire    . . .     SeeInvis .   a - +0 long sword
rCold    . . .     Gourm    .   c - +0 shield
rNeg     . . .     Faith    .   e - +0 plate armour
rPois    .         Spirit   +   (no helmet)
rElec    .         Reflect  .   (no cloak)
rCorr    +         Harm     .   (no gloves)
MR       .....                  (no boots)
Stlth    ..........             i - amulet of guardian spirit
HPRegen  0.17/turn              l - ring of resist corrosion
MPRegen  0.10/turn              (no ring)

@: mighty, slowed, lightly drained, very slow
A: no striking features
a: Renounce Religion


You were on level 4 of the Dungeon.
You worshipped Beogh.
Beogh was aware of your devotion.
You were not hungry.

You visited 1 branch of the dungeon, and saw 4 of its levels.

You collected 282 gold pieces.
You spent 23 gold pieces at shops.

Inventory:

Hand Weapons
 a - a +0 long sword (weapon)
Armour
 b - a +0 scale mail
 c - a +0 shield (worn)
 e - a +0 plate armour (worn)
Jewellery
 i - an amulet of guardian spirit (around neck)
 l - a ring of resist corrosion (left hand)
Scrolls
 j - a scroll of immolation
 n - 3 scrolls of identify
Potions
 g - a potion of magic {unknown}
 h - a potion of invisibility {unknown}
 k - a potion of agility
Comestibles
 f - 8 rations {!d}


   Skills:
 + Level 4.7(4.6) Fighting
   Level 4.7(4.6) Short Blades
   Level 4.7(4.6) Long Blades
   Level 4.7(4.6) Axes
   Level 4.7(4.6) Maces & Flails
   Level 4.7(4.6) Polearms
   Level 4.7(4.6) Staves
 + Level 4.5(4.4) Armour
 * Level 3.2(3.1) Dodging
 + Level 4.5(4.4) Shields
   Level 4.7(4.6) Unarmed Combat
 + Level 2.2(2.1) Invocations


You had 5 spell levels left.
You didn't know any spells.
Your spell library was empty.

Dungeon Overview and Level Annotations

Branches:
Dungeon (4/12)
 Temple: D:4-7

Altars:
Cheibriados
Elyvilon
Fedhas
Lugonu
Trog
Uskayaw
Wu Jian
Yredelemnul

Shops:
D:4 *


Message History

The fiery explosion engulfs the orc.
The orc explodes!
Beogh accepts your kill. x2
The fiery explosion engulfs you! Beogh accepts your kill. x2
Beogh appreciates your killing of a heretic priest.
Your base Invocations skill increases to level 2!
Beogh accepts your kill.
The fiery explosion engulfs the orc.
You kill the orc!
Beogh accepts your kill. The fiery explosion engulfs you!
* * * LOW HITPOINT WARNING * * *
The fiery explosion engulfs the orc priest.
The orc priest explodes!
Beogh accepts your kill.
Beogh appreciates your killing of a heretic priest.
Beogh accepts your kill. The fiery explosion engulfs you!
You die...

....... #..##...........##
.......##................#
..........................
#..%......§..........
#.§§..............##.
##§§#§§........##. #.
#§§#§........# .. #.
#§§§§§.#.....#... #.
###@§####..#.... ...
#..§§####.###.# ...
#...........#.#.....
#.............#..
#...............#
###.............####
#...............#...
###.................
####..........#.##


There were no monsters in sight!

Vanquished Creatures
  A phantom (D:3)
  A howler monkey (D:3)
  2 orc priests (D:4)
  An iguana (D:3)
  2 orc wizards (D:3)
  A worker ant (D:3)
  2 adders (D:3)
  An adder skeleton (D:2)
  5 leopard geckos
  16 orcs
  4 bats
  2 giant cockroaches
  11 goblins
  5 hobgoblins
  4 quokkas
  A ball python (D:1)
  2 frilled lizards (D:2)
  7 kobolds
  5 rats
73 creatures vanquished.

Vanquished Creatures (others)
  An orc (D:2)
1 creature vanquished.

Grand Total: 74 creatures vanquished

Notes
Turn   | Place    | Note
-------+----------+-------------------------------------------
     0 | D:1      | Hercules1031 the Hill Orc Fighter began the quest for the
                  | Orb.
     0 | D:1      | Reached XP level 1. HP: 20/20 MP: 1/1
    46 | D:1      | Reached XP level 2. HP: 16/27 MP: 2/2
   172 | D:1      | Reached skill level 1 in Dodging
   392 | D:1      | Reached XP level 3. HP: 29/33 MP: 3/3
   571 | D:2      | Found a blossoming altar of Fedhas.
   585 | D:2      | Found a snail-covered altar of Cheibriados.
   713 | D:2      | Found a white marble altar of Elyvilon.
   852 | D:2      | Found a hide-covered altar of Uskayaw.
   874 | D:2      | Became a worshipper of Beogh the Brigand
  1162 | D:2      | Found a bloodstained altar of Trog.
  1348 | D:2      | Found a basalt altar of Yredelemnul.
  1561 | D:3      | Reached XP level 4. HP: 40/41 MP: 4/4
  1640 | D:3      | Noticed a phantom
  1641 | D:3      | Reached XP level 5. HP: 47/47 MP: 5/5
  1660 | D:3      | Found a corrupted altar of Lugonu.
  1741 | D:3      | Killed a phantom
  1741 | D:3      | Reached skill level 1 in Invocations
  1741 | D:3      | Reached XP level 6. HP: 21/53 MP: 6/6
  2139 | D:3      | Found an ornate altar of the Wu Jian Council.
  2185 | D:4      | Found Doc Mimi's Assorted Antiques.
  2192 | D:4      | Bought a coppery potion for 23 gold pieces
  2388 | D:4      | Reached * piety under Beogh
  2388 | D:4      | Killed from afar by an orc wizard

Skill      XL: |  1  2  3  4  5  6 |
---------------+-------------------+-----
Dodging        | 1 2 3 |  3.2
Armour         | 4 |  4.5
Shields        | 4 |  4.5
Invocations    | 1 2 |  2.2
Fighting       | |  4.7
Short Blades   | |  4.7
Long Blades    | |  4.7
Axes           | |  4.7
Maces & Flails | |  4.7
Polearms       | |  4.7
Staves         | |  4.7
Unarmed Combat | |  4.7

Action                   |  1- 3 |  4- 6 || total
-------------------------+-------+-------++-------
Melee: Long sword        |   173 |   168 ||   341
Invok: Convert to Beogh  |     1 |       ||     1
  Use: Scroll            |     3 |     2 ||     5
       Potion            |       |     7 ||     7
  Eat: Chunk             |     2 |       ||     2
       Ration            |       |     1 ||     1
Armor: Scale mail        |    14 |       ||    14
       Plate armour      |    83 |   100 ||   183
Dodge: Dodged            |    33 |    39 ||    72
Block: Shield            |   108 |   109 ||   217
